 Dungeon Crawl Stone Soup version 0.29.1-14-g9c671dbff4 (webtiles) character file.

Game seed: 1643421788906057623

322 javelincjr the Conjurer (level 6, -1/33 HPs)
             Began as a Deep Elf Conjurer on Feb 14, 2023.
             Was an Initiate of Hepliaklqana.
             Succumbed to a scorpion's poison
             ... on level 4 of the Dungeon.
             The game lasted 00:11:56 (4229 turns).

javelincjr the Conjurer (Deep Elf Conjurer)         Turns: 4229, Time: 00:11:56

Health: -1/33      AC:  3    Str:  6    XL:     6   Next: 22%
Magic:  7/16       EV: 12    Int: 29    God:    Hepliaklqana [......]
Gold:   182        SH:  0    Dex: 13    Spells: 12/15 levels left

rFire   x . .      SeeInvis .   k - +4 dagger
rCold   + . .      Faith    .   (no shield)
rNeg    . . .      Spirit   .   a - +0 robe
rPois   .          Reflect  .   (no helmet)
rElec   .          Harm     .   (no cloak)
rCorr   .          Rampage  .   l - +0 pair of gloves
Will    .....                   (no boots)
Stlth   +++.......              (no amulet)
HPRegen 0.11/turn               j - ring of ice
MPRegen 0.15/turn               s - +6 ring of intelligence

@: lethally poisoned (-1 -> -13)
A: no striking features
a: Renounce Religion


You were on level 4 of the Dungeon.
You worshipped Hepliaklqana.
Hepliaklqana was noncommittal.
You visited 2 branches of the dungeon, and saw 5 of its levels.

You collected 182 gold pieces.

Inventory:

Hand Weapons
 k - a +4 dagger (weapon)
Missiles
 u - 2 boomerangs
Armour
 a - a +0 robe (worn)
 l - a +0 pair of gloves (worn)
Jewellery
 j - a ring of ice (left hand)
 s - a +6 ring of intelligence (right hand)
Scrolls
 c - a scroll of teleportation
 d - a scroll of poison
 e - a scroll of fear {unknown}
 h - 2 scrolls of magic mapping
 n - a scroll of enchant weapon {unknown}
 o - a scroll of silence {unknown}
 p - a scroll of identify
 r - a scroll of torment {unknown}
Potions
 b - 3 potions of magic
 f - a potion of heal wounds {unknown}
 g - 2 potions of haste {unknown}
 i - 3 potions of degeneration {unknown}
 m - a potion of flight {unknown}
 q - a potion of curing {unknown}
 t - 2 potions of attraction {unknown}


   Skills:
 + Level 0.5 Fighting
 + Level 0.2 Short Blades
 + Level 2.7 Dodging
 + Level 4.1 Stealth
 + Level 5.4 Spellcasting
 + Level 6.4 Conjurations


You had 12 spell levels left.
You knew the following spells:

 Your Spells              Type           Power      Damage    Failure   Level
a - Magic Dart            Conj           100%       1d8       1%          1
b - Searing Ray           Conj           90%        2d7       1%          2

Your spell library contained the following spells:

 Spells                   Type           Power      Damage    Failure   Level
 Dazzling Flash           Conj/Hex       52%        N/A       4%          3
 Apportation              Tloc           14%        N/A       6%          1
 Necrotise                Necr           28%        1d5       6%          1
 Summon Small Mammal      Summ           28%        N/A       6%          1
 Iskenderun's Battlesphe  Conj           45%        2d10      12%         5
 Fulminant Prism          Conj/Hex       13%        3d9       16%         4
 Iskenderun's Mystic Bla  Conj/Tloc      26%        2d7       16%         4
 Gell's Gravitas          Tloc           7%         N/A       19%         3
 Lesser Beckoning         Tloc           7%         N/A       19%         3
 Teleport Other           Tloc           7%         N/A       19%         3
 Iron Shot                Conj/Erth      13%        9d3       94%         6
 Spellforged Servitor     Conj/Summ      13%        N/A       100%        7


Dungeon Overview and Level Annotations

Branches:
Dungeon (4/15)             Temple (1/1) D:4

Altars:
Ashenzari
Cheibriados
Dithmenos
Elyvilon
Gozag
Hepliaklqana
Kikubaaqudgha
Makhleb
Nemelex Xobeh
Okawaru
Ru
Sif Muna
Trog
Uskayaw
Wu Jian
Xom
Yredelemnul
Zin
The Shining One

Shops:
D:3 [


Message History

Casting: Magic Dart (safe; 1% risk of failure)
Confirm with . or Enter, or press ? or * to list all spells.
Aiming: Searing Ray (safe; 1% risk of failure)
Press: ? - help, Shift-Dir - straight line, f/p - scorpion
Aim: a scorpion (lightly wounded, 82% to hit)
The searing ray hits the scorpion.
The scorpion is moderately wounded. (Press . to maintain the ray.)
The scorpion stings you.
You are poisoned.
The scorpion poisons you!
The searing ray misses the scorpion.
You feel very sick. The scorpion stings you.
The searing ray misses the scorpion.
You feel very sick. The scorpion stings you.
You are lethally poisoned!
The scorpion poisons you!
The searing ray hits the scorpion.
The scorpion is severely wounded.
You finish channelling your searing ray.
You feel very sick. The scorpion misses you.
Casting: Searing Ray (safe; 1% risk of failure)
Confirm with . or Enter, or press ? or * to list all spells.
Aiming: Searing Ray (safe; 1% risk of failure)
Press: ? - help, Shift-Dir - straight line, f/p - scorpion
Aim: a scorpion (severely wounded, 82% to hit)
The searing ray hits the scorpion.
The scorpion is severely wounded. (Press . to maintain the ray.)
You feel very sick. The scorpion stings you.
* * * LOW HITPOINT WARNING * * *
The scorpion stings you.
* * * LOW HITPOINT WARNING * * *
The searing ray hits the scorpion!
You kill the scorpion!
You die...

###### ####### .....#
#.....####### .....#
#.....#...... .....#
#....@'...... .....#
#.....#...... .....#
#.....# ..... .....#
#.....# .... .....#
#.....# ...
.....#######.....#'#####
#####...................
....#...................
....#...................


There were no monsters in sight!

Vanquished Creatures
  2 scorpions (D:4)
  An orc priest (D:4)
  An iguana (D:4)
  An orc wizard (D:3)
  3 gnolls (D:4)
  5 adders
  A white imp (D:4)
  3 worms
  3 dart slugs
  9 orcs
  8 ball pythons
  6 endoplasms
  2 giant cockroaches (D:2)
  8 goblins
  4 hobgoblins
  4 jackals
  7 kobolds
  A quokka (D:4)
  7 bats
  6 frilled lizards
  5 rats
87 creatures vanquished.

Notes
Turn   | Place    | Note
-------+----------+-------------------------------------------
     0 | D:1      | javelincjr the Deep Elf Conjurer began the quest for the
                  | Orb.
     0 | D:1      | Reached XP level 1. HP: 10/10 MP: 6/6
   258 | D:1      | Reached XP level 2. HP: 8/15 MP: 0/8
   501 | D:1      | Reached skill level 5 in Conjurations
  1138 | D:2      | Reached XP level 3. HP: 19/19 MP: 5/9
  1146 | D:2      | Learned a level 2 spell: Searing Ray
  2126 | D:2      | Found a faded altar of an unknown god.
  2331 | D:2      | Reached XP level 4. HP: 24/24 MP: 10/12
  2636 | D:3      | Found Vevuorr's Antique Armour Shop.
  3047 | D:4      | Found a hazy altar of Hepliaklqana.
  3092 | D:4      | Became a worshipper of Hepliaklqana the Forgotten
  3107 | D:4      | Reached XP level 5. HP: 28/28 MP: 1/14
  3239 | D:4      | Reached skill level 6 in Conjurations
  3502 | D:4      | Reached skill level 5 in Spellcasting
  3845 | D:4      | Found a staircase to the Ecumenical Temple.
  3865 | Temple   | Entered the Ecumenical Temple
  4043 | D:4      | Reached XP level 6. HP: 33/33 MP: 8/16
  4228 | D:4      | HP: 1/33 [scorpion (6)]
  4229 | D:4      | Succumbed to a scorpion's poison

Illustrated notes

Levels and vault maps discovered:
D:1:      dpeg_chamrin_arrival_tetris, layout_loops_ring
D:2:      layout_basic, ebering_ecumenical_altar_rust
D:3:      layout_rooms, serial_shops, shop_statue
D:4:      layout_gridville, mainiacjoe_overflow_brackets,
          minmay_temple_entry_mini_moons
Temple:   compressed_dpeg_circular_temple

Skill      XL: |  1  2  3  4  5 |
---------------+----------------+-----
Conjurations   | 5 6 |  6.4
Spellcasting   | 4 5 |  5.4
Stealth        | 3 4 |  4.1
Fighting       | |  0.5
Short Blades   | |  0.2
Dodging        | |  2.7

Action                   |  1- 3 |  4- 6 || total
-------------------------+-------+-------++-------
Melee: Dagger            |     1 |     4 ||     5
 Cast: Magic Dart        |    93 |    77 ||   170
       Searing Ray       |     1 |    14 ||    15
  Use: Scroll            |       |     4 ||     4
Armor: Robe              |     4 |       ||     4
Dodge: Dodged            |     5 |     4 ||     9
